 Dungeon Crawl Stone Soup version 0.19.1-1-g22dce08 (webtiles) character file.

42 Digitalghost the Conjurer (level 3, 0/26 HPs)
             Began as a Demigod Conjurer on Dec 31, 2016.
             Succumbed to an adder's poison
             ... on level 2 of the Dungeon.
             The game lasted 00:02:14 (911 turns).

Digitalghost the Conjurer (Demigod Conjurer)         Turns: 911, Time: 00:02:14

Health: 0/26       AC:  2    Str: 11    XL:     3   Next: 17%
Magic:  2/9        EV: 13    Int: 21    God:
Gold:   37         SH:  0    Dex: 16    Spells: 2 memorised, 3 levels left

rFire  . . .     SeeInvis .     (no weapon)
rCold  . . .     Gourm    .     a - +0 robe
rNeg   . . .     Faith    .     (no shield)
rPois  .         Spirit   .     (no helmet)
rElec  .         Reflect  .     (no cloak)
rCorr  .         Harm     .     (no gloves)
MR     .....                    (no boots)
Stlth  ++........               (no amulet)
                                (no ring)
                                (no ring)

@: lethally poisoned (0 -> -2)
A: high mp 1, mutation resistance 1, MP-powered wands
a: no special abilities


You were on level 2 of the Dungeon.
You were not hungry.

You visited 1 branch of the dungeon, and saw 2 of its levels.

You collected 37 gold pieces.

Inventory:

Armour
 a - a +0 robe (worn)
Scrolls
 g - 2 scrolls of identify {unknown}
 i - 2 scrolls of random uselessness {unknown}
Potions
 f - a potion of invisibility {unknown}
 h - a potion of curing {unknown}
 j - a potion of agility {unknown}
 k - a potion of brilliance {unknown}
Books
 b - a book of Conjurations

   Spells                             Type                      Level
   a - Magic Dart                     Conjuration                  1
   b - Searing Ray                    Conjuration                  2
   c - Dazzling Spray                 Conjuration/Hexes            3
   d - Fulminant Prism                Conjuration/Hexes            4
   e - Iskenderun's Mystic Blast      Conjuration                  4
   f - Iskenderun's Battlesphere      Conjuration/Charms           5
Comestibles
 c - a bread ration
 d - a beef jerky


   Skills:
 - Level 2.0 Dodging
 - Level 2.0 Stealth
 + Level 2.2 Spellcasting
 + Level 4.1 Conjurations


You had 3 spell levels left.
You knew the following spells:

 Your Spells              Type           Power        Failure   Level  Hunger
a - Magic Dart            Conj           ###.         2%          1    #......
b - Searing Ray           Conj           ###...       4%          2    ##.....


Dungeon Overview and Level Annotations

Branches:
Dungeon (2/15)


Innate Abilities, Weirdness & Mutations

You have an increased reservoir of magic. (+10% MP)
You are somewhat resistant to further mutation.
You expend magic power (3 MP) to strengthen your wands.


Message History

You feel sick.
It was a potion of mutation.
You feel extremely strange.
You feel genetically stable.
You feel your magical essence link to your wands.
* * * LOW HITPOINT WARNING * * *
You feel sick.
Sorry, you're not good enough to have a special ability.
Sorry, you're not good enough to have a special ability.
There is a lethal amount of poison in your body!
* * * LOW HITPOINT WARNING * * *
You feel sick.
* * * LOW HITPOINT WARNING * * *
You feel sick.
Unknown command.
* * * LOW HITPOINT WARNING * * *
You feel sick.
* * * LOW HITPOINT WARNING * * *
You feel sick.
Unknown command.
You die...

#... #.. ..............
#..##.###.#.#.........
#.....†#(.###.........
#..#.###.#.#.........
#...................
###.#.#.###.........
.#######.###..#)...#..###
.........#.#.###......#
#######.@...........#.#
##........###...#
#####.#.# ##.# #.#. ...
#...# ## . .. .### ..#
.†..##########..##..


There were no monsters in sight!

Vanquished Creatures
  2 adders (D:2)
  An ooze (D:1)
  A dart slug (D:1)
  2 goblins (D:1)
  4 hobgoblins (D:1)
  2 bats
  2 frilled lizards (D:1)
  3 kobolds
  2 rats (D:1)
19 creatures vanquished.

Notes
Turn   | Place    | Note
-------+----------+-------------------------------------------
     0 | D:1      | Digitalghost the Demigod Conjurer began the quest for the Orb.
     0 | D:1      | Reached XP level 1. HP: 14/14 MP: 5/5
   190 | D:1      | Reached XP level 2. HP: 2/20 MP: 0/7
   661 | D:1      | Reached skill level 4 in Conjurations
   834 | D:2      | Learned a level 2 spell: Searing Ray
   890 | D:2      | Reached XP level 3. HP: 8/26 MP: 0/9
   895 | D:2      | Gained mutation: You are somewhat resistant to further mutation. [potion of mutation]
   895 | D:2      | Gained mutation: You expend magic power (3 MP) to strengthen your wands. [potion of mutation]
   907 | D:2      | HP: 1/26 [poisoned by an adder]
   911 | D:2      | Succumbed to an adder's poison

Skill      XL: |  1  2 |
---------------+-------+-----
Stealth        | 2 |  2.0
Dodging        | 2 |  2.0
Conjurations   | 4 |  4.1
Spellcasting   | 2 |  2.2

Action                   || total
-------------------------++-------
Melee: Unarmed           ||     5
 Cast: Magic Dart        ||    39
  Use: Potion            ||     1
Armor: Robe              ||     2
Dodge: Dodged            ||    13
